 Dungeon Crawl Stone Soup version 0.32-a0-886-g41c5271 (webtiles) character file.

Game seed: 9548334031711580078

28563 piuy the Earth Mage (level 13, -14/74 HPs)
             Began as a Gargoyle Earth Elementalist on Apr 2, 2024.
             Was a High Priest of Sif Muna.
             Killed from afar by a kobold blastminer (37 damage)
             ... with an iron shot
             ... on level 1 of the Orcish Mines.
             The game lasted 01:06:40 (14779 turns).

piuy the Earth Mage (Gargoyle Earth Elementalist)  Turns: 14779, Time: 01:06:41

Health: -14/74     AC: 18    Str: 15    XL:     13   Next: 39%
Magic:  21/23      EV: 10    Int: 27    God:    Sif Muna [*****.]
Gold:   677        SH:  4    Dex: 10    Spells: 13/26 levels left

rFire   . . .        D - staff of earth
rCold   + . .        w - +0 buckler
rNeg    + . .        h - +2 robe {rC+}
rPois   ∞            s - +0 hat
rElec   +            j - +0 cloak
rCorr   .            (no gloves)
SInv    .            (no boots)
Will    .....        C - amulet of faith
Stlth   ++           G - ring of Checkmate {AC+4 Str+3}
HPRegen 0.32/turn    S - +6 ring of intelligence
MPRegen 0.18/turn

%: faith
@: no status effects
A: sickness immunity, AC +9, negative energy resistance 1, electricity
resistance, torment resistance 1, petrification resistance
a: Renounce Religion, Channel Magic, Forget Spell, Divine Exegesis


You were on level 1 of the Orcish Mines.
You worshipped Sif Muna.
Sif Muna was extremely pleased with you.
You visited 3 branches of the dungeon, and saw 13 of its levels.
You also visited: Bailey.

You collected 677 gold pieces.

Inventory:

Hand Weapons
 n - a +4 sling
 y - a +6 rapier of venom
Missiles
 c - 140 stones
Armour
 a - the +3 ring mail of the Invisible Mice {rElec Will+}
   (You found it on level 7 of the Dungeon)

   rElec:     It insulates you from electricity.
   Will+:     It increases your willpower.
 h - a +2 robe of cold resistance (worn)
 j - a +0 cloak (worn)
 s - a +0 hat (worn)
 w - a +0 buckler (worn)
 N - an orb of light
Magical Staves
 D - a staff of earth (weapon)
Jewellery
 q - an amulet of guardian spirit
 C - an amulet of faith (around neck)
 G - the ring of Checkmate (left hand) {AC+4 Str+3}
   (You found it on level 8 of the Dungeon)

   [ring of protection]

   AC+4:      It affects your AC (+4).
   Str+3:     It affects your strength (+3).
 P - a +4 ring of protection
 S - a +6 ring of intelligence (right hand)
Talismans
 K - a talisman of death
Wands
 f - a wand of flame (66)
 u - a wand of iceblast (3)
 F - a wand of mindburst (28)
 H - a wand of paralysis (7)
Scrolls
 b - a scroll of revelation
 k - 4 scrolls of fog
 p - 3 scrolls of blinking
 x - a scroll of poison
 I - a scroll of enchant armour {unknown}
 J - 3 scrolls of teleportation
 L - a scroll of fear {unknown}
 M - a scroll of identify
 Q - a scroll of enchant weapon
Potions
 d - 2 potions of curing
 e - 2 potions of brilliance
 g - 3 potions of ambrosia
 i - 4 potions of might
 l - 5 potions of enlightenment {unknown}
 m - a potion of lignification
 o - 2 potions of heal wounds
 r - a potion of magic
 t - a potion of cancellation
 v - a potion of degeneration
 z - 2 potions of mutation
 A - 2 potions of invisibility {unknown}
 O - a potion of resistance {unknown}
 R - a potion of attraction {unknown}
Miscellaneous
 E - a Gell's gravitambourine (2/2)


   Skills:
 - Level 6.0 Fighting
 - Level 0.2 Long Blades
 - Level 0.2 Axes
 - Level 0.2(0.3) Polearms
 - Level 0.2(0.3) Staves
 - Level 0.3 Ranged Weapons
 - Level 0.2 Throwing
 - Level 1.5 Dodging
 - Level 2.1 Stealth
 - Level 4.0 Shields
 - Level 7.2 Spellcasting
 - Level 5.0 Conjurations
 - Level 0.2 Hexes
 - Level 0.2 Summonings
 - Level 0.2 Necromancy
 - Level 4.0 Translocations
 - Level 0.2 Fire Magic
 - Level 0.2 Ice Magic
 - Level 0.2 Air Magic
 + Level 19.9 Earth Magic
 - Level 0.2 Alchemy
 - Level 5.2 Invocations
 - Level 0.2 Evocations
 - Level 0.2 Shapeshifting


You had 13 spell levels left.
You knew the following spells:

 Your Spells              Type           Power      Damage    Failure   Level
a - Sandblast             Erth           100%       2d20      0%          1
b - Stone Arrow           Conj/Erth      100%       3d13      1%          3
c - Passwall              Erth           100%       N/A       0%          3
d - Brom's Barrelling Bo  Conj/Erth      86%        2d10      1%          4
e - Blink                 Tloc           62%        N/A       2%          2

Your spell library contained the following spells:

 Spells                   Type           Power      Damage    Failure   Level
 Momentum Strike          Conj/Tloc      68%        3d9       1%          2
 Petrify                  Alch/Erth      77%        N/A       1%          4
 Lesser Beckoning         Tloc           62%        N/A       2%          2
 Static Discharge         Conj/Air       46%        3-5/arc   3%          2
 Frozen Ramparts          Ice            22%        1d4       19%         3
 Ozocubu's Armour         Ice            11%        N/A       19%         3
 Airstrike                Air            5%         2d(1-17)  54%         4
 Summon Lightning Spire   Summ/Air       10%        N/A       54%         4
 Summon Forest            Summ/Tloc      10%        N/A       63%         5
 Metabolic Englaciation   Hex/Ice        5%         N/A       88%         5
 Summon Mana Viper        Hex/Summ       10%        N/A       88%         5
 Summon Cactus Giant      Summ           5%         N/A       100%        6


Dungeon Overview and Level Annotations

Branches:
Dungeon (11/15)            Temple (1/1) D:5             Orc (1/2) D:9
 Bailey (visited)
   Lair: D:8-11

Altars:
Ashenzari
Cheibriados
Dithmenos
Elyvilon
Fedhas
Gozag
Hepliaklqana
Kikubaaqudgha
Makhleb
Nemelex Xobeh
Okawaru
Qazlal
Ru
Sif Muna
Trog
Uskayaw
Vehumet
Wu Jian
Xom
Yredelemnul
Zin
The Shining One

Annotations:
D:4 1 exclusion


Innate Abilities, Weirdness & Mutations

You are immune to sickness and miasma.
Your stone body is resilient. (AC +9)
You are immune to poison.
You resist negative energy. (rN+)
You are resistant to electric shocks. (rElec)
You are resistant to unholy torment.
You are immune to petrification.


Message History

You continue putting on your +0 buckler. x5
You finish putting on your +0 buckler.
You start resting.
Magic restored.
You start resting.
HP restored.
You climb downwards.
Welcome back to the Orcish Mines!
The kobold blastminer shoots a bolt.
You block the bolt.
The kobold blastminer shoots an arrow.
The arrow barely misses you.
There is a staircase back to the Dungeon here.
Aiming: Sandblast (safe; 0% risk of failure)
Press: ? - help, Q - select action, (/) - cycle Shift-Dir - straight line, f - you
Okay, then.
The kobold blastminer shoots a bolt.
The bolt hits you but does no damage.
Items here: )) [ †.
Aiming: Sandblast (safe; 0% risk of failure)
Press: ? - help, Q - select action, (/) - cycle Shift-Dir - straight line, f - kobold blastminer
Aim: a kobold blastminer, wielding a +0 arbalest (78% to hit)
You feel a surge of power!
The blast of sand hits the kobold blastminer.
The kobold blastminer is lightly wounded.
The kobold blastminer blasts its cannon at you.
The iron shot hits you.
Unknown command.
Aiming: Sandblast (safe; 0% risk of failure)
Press: ? - help, Q - select action, (/) - cycle Shift-Dir - straight line, f/p - kobold blastminer
Aim: a kobold blastminer, wielding a +0 arbalest (lightly wounded, 78% to hit)
You feel a surge of power!
The blast of sand hits the kobold blastminer but does no damage.
The kobold blastminer is lightly wounded.
The kobold blastminer blasts its cannon at you.
The iron shot hits you!!
The kobold blastminer shoots an arrow.
The arrow hits you!
Unknown command.
Unknown command.
The kobold blastminer shoots a bolt.
The bolt hits you.
The kobold blastminer blasts its cannon at you.
The iron shot hits you!!!
Ouch! That really hurt!
You die...

......#..........
.............#
#....).....#
#.$....K.##
###[[..K..##
##..)..#...#
##...$$..#.##
#...).)[#...#
##...@.###.##
####.## ..# ###
##


You could see 2 kobold blastminers.

Vanquished Creatures
  Erolcha (Orc:1)
  3 two-headed ogres
  A skeletal warrior (D:10)
  A cyclops (D:7)
  An ugly thing (D:7)
  A kobold demonologist (D:7)
  A komodo dragon (D:9)
  2 trolls
  Grinder (D:6)
  A hornet (D:9)
  A polar bear (D:10)
  5 slime creatures
  Sigmund (D:2)
  A wyvern (D:8)
  11 yaks
  2 shadows
  A vampire (D:8)
  An unseen horror simulacrum (D:10)
  3 wraiths
  Eustachio (D:6)
  Menkaure (D:6)
  2 vampire mosquitoes (D:7)
  Edmund (D:6)
  An acid dragon (D:11)
  3 water moccasins (D:7)
  7 orc warriors
  2 sky beasts (D:7)
  A black bear (D:7)
  5 ice beasts
  7 ogres
  A wolf (D:10)
  5 centaurs
  A phantom (D:7)
  4 weeping skulls (D:7)
  2 kobold brigands
  6 bullfrogs
  6 scorpions
  2 gnoll sergeants
  15 wights
  8 killer bees
  4 howler monkeys
  2 electric eels (D:10)
  A centaur zombie (D:7)
  A human zombie (D:7)
  A bullfrog zombie (D:7)
  3 jellies (D:6)
  A bombardier beetle (D:7)
  7 hounds
  8 orc priests
  3 gnoll boudas
  Ijyb (D:4)
  3 iguanas (D:6)
  19 orc wizards
  A sleepcap (D:6)
  A killer bee zombie (D:7)
  A centaur simulacrum (D:10)
  2 mummies (D:7)
  Robin (D:3)
  10 gnolls
  12 adders
  A shadow imp (D:8)
  2 white imps
  4 ufetubi (D:6)
  3 dart slugs
  4 ribbon worms
  38 orcs
  12 ball pythons
  11 endoplasms
  6 giant cockroaches
  14 goblins
  16 hobgoblins
  4 jackals
  7 quokkas
  6 bats
  5 frilled lizards
  25 kobolds
  5 rats
365 creatures vanquished.

Vanquished Creatures (collateral kills)
  An ice beast (D:7)
1 creature vanquished.

Vanquished Creatures (others)
  An orc wizard (D:9)
1 creature vanquished.

Grand Total: 367 creatures vanquished

Notes
Turn   | Place    | Note
-------+----------+-------------------------------------------
     0 | D:1      | piuy the Gargoyle Earth Elementalist began the quest for
                  | the Orb.
     0 | D:1      | Reached XP level 1. HP: 10/10 MP: 3/3
    67 | D:1      | Reached skill level 4 in Earth Magic
   167 | D:1      | Reached XP level 2. HP: 15/15 MP: 3/5
   296 | D:1      | Found a faded altar of an unknown god.
   749 | D:1      | Reached XP level 3. HP: 18/19 MP: 3/6
   800 | D:1      | Reached skill level 5 in Earth Magic
  1100 | D:2      | Found a shadowy altar of Dithmenos.
  1107 | D:2      | Learned a level 3 spell: Stone Arrow
  1420 | D:2      | Noticed Sigmund
  1425 | D:2      | Killed Sigmund
  1426 | D:2      | Reached XP level 4. HP: 24/24 MP: 1/7
  1426 | D:2      | Reached XP level 5. HP: 28/28 MP: 1/8
  1587 | D:2      | Reached XP level 6. HP: 32/32 MP: 6/9
  1628 | D:2      | You fall into a shaft and drop 2 floors!
  2019 | D:4      | Noticed Ijyb
  2050 | D:4      | Killed Ijyb
  2140 | D:4      | Noticed a black bear
  2187 | D:4      | Reached skill level 6 in Earth Magic
  2216 | D:5      | Entered Level 5 of the Dungeon
  2249 | D:4      | Reached XP level 7. HP: 36/36 MP: 2/12
  2260 | D:4      | Reached skill level 7 in Earth Magic
  3287 | D:3      | Noticed Robin
  3293 | D:3      | Killed Robin
  3427 | D:3      | Reached skill level 8 in Earth Magic
  3743 | D:3      | Learned a level 3 spell: Passwall
  3748 | D:3      | Learned a level 4 spell: Brom's Barrelling Boulder
  3756 | D:3      | Found a shimmering blue altar of Sif Muna.
  3761 | D:3      | Became a worshipper of Sif Muna the Loreminder
  4195 | D:4      | Reached skill level 5 in Conjurations
  4525 | D:4      | Reached XP level 8. HP: 41/41 MP: 9/13
  4761 | D:5      | Reached skill level 9 in Earth Magic
  5064 | D:5      | Reached * piety under Sif Muna
  5069 | D:5      | Reached skill level 10 in Earth Magic
  5297 | D:5      | Found a hide-covered altar of Uskayaw.
  5587 | D:5      | Found a staircase to the Ecumenical Temple.
  5596 | Temple   | Entered the Ecumenical Temple
  5948 | D:6      | Noticed Eustachio
  6012 | D:6      | Found a stormy altar of Qazlal.
  6100 | D:6      | Reached skill level 11 in Earth Magic
  6115 | D:6      | Killed Eustachio
  6116 | D:6      | Reached XP level 9. HP: 40/45 MP: 11/14
  6158 | D:6      | Reached skill level 12 in Earth Magic
  6283 | D:6      | Noticed Menkaure
  6291 | D:6      | Killed Menkaure
  6388 | D:6      | Noticed Edmund
  6392 | D:6      | Killed Edmund
  6499 | D:6      | Reached ** piety under Sif Muna
  7015 | D:6      | Reached skill level 5 in Spellcasting
  7215 | D:6      | Noticed Grinder
  7226 | D:6      | Killed Grinder
  7534 | D:7      | Found a flagged portal.
  7553 | Bailey   | Entered a bailey
  7576 | Bailey   | Noticed an orc warlord
  7650 | Bailey   | Reached XP level 10. HP: 50/50 MP: 5/19
  7697 | Bailey   | Found a runed translucent gate.
  7700 | Bailey   | Found a runed translucent gate.
  7702 | Bailey   | Found a runed translucent gate.
  8047 | D:7      | Reached skill level 5 in Invocations
  8230 | D:7      | Reached skill level 1 in Shields
  8448 | D:7      | Found a basalt altar of Yredelemnul.
  8676 | D:7      | Reached skill level 13 in Earth Magic
  8928 | D:7      | Reached skill level 1 in Translocations
  8933 | D:7      | Learned a level 2 spell: Blink
  9070 | D:7      | Noticed a purple ugly thing
  9078 | D:7      | Killed a purple ugly thing
  9131 | D:7      | Identified the +3 ring mail of the Invisible Mice {rElec
                  | Will+}
  9146 | D:7      | Noticed a cyclops
  9150 | D:7      | Killed a cyclops
  9241 | D:7      | Reached skill level 14 in Earth Magic
  9241 | D:7      | Noticed a kobold demonologist
  9247 | D:7      | Noticed a sun demon
  9249 | D:7      | Killed a kobold demonologist
  9250 | D:7      | Reached XP level 11. HP: 24/54 MP: 6/20
  9359 | D:7      | Identified the +1 halberd of Lies {protect, rElec}
  9682 | D:7      | Reached *** piety under Sif Muna
  9936 | D:7      | Reached skill level 15 in Earth Magic
 10251 | D:7      | Found an iron altar of Okawaru.
 10334 | D:8      | Noticed a two-headed ogre
 10338 | D:8      | Killed a two-headed ogre
 10479 | D:8      | Identified the ring of Checkmate {AC+4 Str+3}
 10617 | D:8      | Found a broken altar of Ashenzari.
 10621 | D:8      | Saw a vision of the Shoals and the Spider Nest.
 10621 | D:8      | Noticed a wolf spider
 10621 | D:8      | Noticed a demonic crawler
 10621 | D:8      | Noticed a harpy
 10621 | D:8      | Noticed a merfolk avatar
 10621 | D:8      | Noticed a sea snake
 10706 | D:7      | Reached skill level 1 in Fighting
 10949 | D:8      | Found a sacrificial altar of Ru.
 11295 | D:8      | Found a glowing golden altar of the Shining One.
 11805 | D:9      | Found a staircase to the Orcish Mines.
 11878 | D:9      | Reached skill level 5 in Fighting
 12695 | D:10     | Entered Level 10 of the Dungeon
 12732 | D:10     | Noticed a two-headed ogre
 12750 | D:10     | Killed a two-headed ogre
 12886 | D:10     | Reached **** piety under Sif Muna
 13055 | D:10     | Reached skill level 16 in Earth Magic
 13188 | D:10     | Reached XP level 12. HP: 59/70 MP: 18/22
 13418 | D:10     | Noticed a two-headed ogre
 13434 | D:10     | Killed a two-headed ogre
 13974 | D:11     | Reached skill level 17 in Earth Magic
 14250 | D:11     | Noticed a tengu warrior
 14319 | Orc:1    | Entered Level 1 of the Orcish Mines
 14323 | Orc:1    | Noticed Erolcha
 14449 | D:9      | Reached skill level 19 in Earth Magic
 14449 | D:9      | Reached XP level 13. HP: 74/74 MP: 23/23
 14480 | Orc:1    | Killed Erolcha
 14612 | Orc:1    | Reached ***** piety under Sif Muna
 14779 | Orc:1    | Killed from afar by a kobold blastminer

Illustrated notes

Levels and vault maps discovered:
D:1:      dpeg_arrival_round_b, layout_basic,
          dreamdust_ecumenical_altar_angels_and_demons
D:2:      layout_loops_cross, basic_altar, hangedman_decor_points, uniq_sigmund
D:3:      layout_loops_corners, marbit_many_paths, serial_aquarium,
          aquarium_bridge_straight [aquarium_subvault_bridge,
          aquarium_subvault_window, aquarium_subvault_bridge,
          aquarium_subvault_wall], aquarium_bridge_square
          [aquarium_subvault_window, aquarium_subvault_bridge,
          aquarium_subvault_window, aquarium_subvault_bridge],
          aquarium_window_1, aquarium_window_1, aquarium_window_fake,
          aquarium_view_2d, aquarium_view_2a, dreamdust_wishing_well, uniq_robin
D:4:      layout_basic, kennysheep_generic_room_3, uniq_ijyb
D:5:      layout_layer_cave, mainiacjoe_overflow_cross_hatched,
          minmay_temple_entry_gardened_gates
D:6:      minmay_chambers_of_threes, layout_basic,
          mainiacjoe_overflow_boulevard, st_stairs_11, uniq_menkaure,
          uniq_eustachio, uniq_grinder, uniq_edmund
D:7:      minmay_the_grid_octo_2x2 [minmay_the_grid_octo_77,
          minmay_the_grid_octo_horde, minmay_the_grid_octo_tetromino_candy,
          minmay_the_grid_octo_prize_single_spiral], layout_cave_pods,
          lemuel_tele_altar, lemuel_mausoleum_altar_yredelemnul, enter_bailey_5,
          billiards_dpeg
D:8:      layout_rooms, grunt_ashenzari_visionary
          [grunt_ashenzari_visionary_shoals, grunt_ashenzari_visionary_spider],
          mainiacjoe_overflow_big_doors, serial_rivers,
          chequers_serial_rivers_small_b, chequers_serial_rivers_marsh,
          chequers_serial_rivers_micro_c, chequers_serial_rivers_micro_b,
          nzn_life_drinkers
D:9:      layout_basic, orc_0_dummy
D:10:     layout_loops_cross, serial_ice, serial_ice_a, serial_ice_d,
          serial_ice_i, serial_ice_m
D:11:     layout_rooms, lair_entry_dummy, minmay_misc_feat_plants,
          minmay_checkerbox
Temple:   nicolae_temple_superstar
Orc:1:    layout_caves, uniq_sonja, uniq_erolcha

Skill      XL: |  1  2  3  4  5  6  7  8  9 10 11 12 |
---------------+-------------------------------------+-----
Earth Magic    | 4 5 6 8 11 12 14 16 19 | 19.9
Conjurations   | 4 5 |  5.0
Spellcasting   | 3 6 7 |  7.2
Invocations    | 4 5 |  5.2
Shields        | 4 |  4.0
Translocations | 4 |  4.0
Fighting       | 6 |  6.0
Long Blades    | |  0.2
Axes           | |  0.2
Polearms       | |  0.2
Staves         | |  0.2
Ranged Weapons | |  0.3
Throwing       | |  0.2
Dodging        | |  1.5
Stealth        | |  2.1
Hexes          | |  0.2
Summonings     | |  0.2
Necromancy     | |  0.2
Fire Magic     | |  0.2
Ice Magic      | |  0.2
Air Magic      | |  0.2
Alchemy        | |  0.2
Evocations     | |  0.2
Shapeshifting  | |  0.2

Action                     |  1- 3 |  4- 6 |  7- 9 | 10-12 | 13-15 || total
---------------------------+-------+-------+-------+-------+-------++-------
  Melee: Club              |     7 |       |       |       |       ||     7
         Short sword       |       |    20 |       |       |       ||    20
         Staff             |       |       |       |     2 |       ||     2
   Fire: Sling             |       |       |   118 |     5 |     4 ||   127
   Cast: Sandblast         |    51 |    47 |   158 |   234 |    19 ||   509
         Stone Arrow       |     1 |     4 |    14 |    51 |     8 ||    78
         Brom's Barrelling |       |       |    18 |    43 |       ||    61
         Blink             |       |       |       |     1 |       ||     1
 Invoke: Channel Magic     |       |       |     3 |     4 |       ||     7
  Evoke: Wand              |       |       |       |       |     1 ||     1
    Use: Potion            |       |     3 |       |     2 |       ||     5
         Scroll            |       |     2 |    13 |     6 |       ||    21
 Armour: Robe              |    10 |    49 |    67 |   192 |    23 ||   341
  Dodge: Dodged            |    13 |    24 |    32 |   111 |    12 ||   192
  Block: Buckler           |       |       |       |    23 |     1 ||    24

Table legend: (Time is in decaauts)
 A = Elapsed time spent in this place.
 B = Non-inter-level travel time spent in this place.
 C = Inter-level travel time spent in this place.
 D = Time resting spent in this place.
 E = Time spent auto-exploring this place.
 F = Levels seen in this place.
 G = Mean time per level.
                   A        B        C        D        E       F      G
               +--------+--------+--------+--------+--------+-----+--------+
         Total |  15105 |  14624 |    481 |   1210 |  10841 |  14 | 1078.9 |
       Dungeon |  14446 |  13966 |    480 |   1197 |  10515 |  11 | 1313.3 |
        Temple |      1 |      1 |      0 |      0 |      0 |   1 |    1.0 |
  Orcish Mines |    148 |    148 |      0 |      0 |     68 |   1 |  148.0 |
        Bailey |    508 |    508 |      0 |     13 |    257 |   1 |  508.0 |
               +--------+--------+--------+--------+--------+-----+--------+

Top non-repeatable levels by time:
     D:7: 2492 daAuts
     D:9: 1744 daAuts
     D:6: 1699 daAuts
     D:5: 1440 daAuts
    D:10: 1383 daAuts
     D:3: 1330 daAuts
     D:2: 1148 daAuts
     D:1: 1116 daAuts
     D:4: 991 daAuts
     D:8: 933 daAuts
  Bailey: 508 daAuts
    D:11: 165 daAuts
   Orc:1: 148 daAuts
  Temple: 1 daAuts
